 Dungeon Crawl Stone Soup version 0.32-a0-558-g233958a4c4 (webtiles) character file.

Game seed: 358583697478303141

1736 Dirtsage the Cleaver (level 9, 0/59 (61) HPs)
             Began as a Coglin Gladiator on Feb 29, 2024.
             Was an Initiate of Makhleb.
             Slain by an iguana (7 damage)
             ... on level 6 of the Dungeon.
             The game lasted 00:07:00 (4383 turns).

Dirtsage the Cleaver (Coglin Gladiator)             Turns: 4383, Time: 00:07:01

HP:   0/59 (61)     AC:  8    Str: 20    XL:     9   Next: 5%
MP:   9/9           EV: 11    Int: 11    God:    Makhleb [......]
Gold: 228           SH:  0    Dex: 15    Spells: 8/8 levels left

rFire   . . .        a - +0 war axe {Synnove}
rCold   + . .        u - +7 dagger of the Ecumenical Temple {flame, rC+ Int+4}
rNeg    . . .        k - +0 ring mail
rPois   .            c - +0 helmet
rElec   .            r - +0 cloak
rCorr   .            l - +0 pair of gloves
SInv    .            (no boots)
Will    .....        (amulet unavailable)
Stlth   +            (ring unavailable)
HPRegen 0.29/turn    (ring unavailable)
MPRegen 0.11/turn    (no gizmo)

%: no passive effects
@: lightly drained, revved
A: off-hand wielding, slow wielding, warmup strikes, no jewelry
a: Invent Gizmo, Renounce Religion


You were on level 6 of the Dungeon.
You worshipped Makhleb.
Makhleb was noncommittal.
You visited 2 branches of the dungeon, and saw 7 of its levels.
You also visited: Sewer.

You collected 228 gold pieces.

Inventory:

Hand Weapons
 a - a +0 war axe (weapon) {Synnove}
 m - a +2 dagger of venom {Nenetl}
 s - a +0 war axe
 u - the +7 dagger of the Ecumenical Temple (offhand) {flame, rC+ Int+4}
   (You found it on level 3 of the Dungeon)

   Int+4:     It affects your intelligence (+4).
   rC+:       It protects you from cold.
Missiles
 d - 2 throwing nets (quivered)
 e - a javelin
Armour
 b - a +0 leather armour
 c - a +0 helmet (worn)
 k - a +0 ring mail (worn)
 l - a +0 pair of gloves (worn)
 r - a +0 cloak (worn)
Magical Staves
 w - a staff of earth
Wands
 y - a wand of quicksilver (6)
 z - a wand of charming (2)
Scrolls
 f - 4 scrolls of identify {unknown}
 h - a scroll of teleportation {unknown}
 i - 2 scrolls of revelation {unknown}
 o - 2 scrolls of fear {unknown}
 p - 3 scrolls of noise {unknown}
 t - a scroll of silence {unknown}
 v - a scroll of vulnerability {unknown}
 B - 2 scrolls of blinking
Potions
 g - a potion of heal wounds {unknown}
 j - a potion of cancellation {unknown}
 n - a potion of berserk rage {unknown}
 q - a potion of curing
 x - a potion of attraction {unknown}


   Skills:
 - Level 2.0 Fighting
 + Level 11.6 Axes
 - Level 1.7 Throwing
 - Level 2.6 Dodging


You had 8 spell levels left.
You didn't know any spells.
Your spell library contained the following spells:

 Spells                   Type           Power      Damage    Failure   Level
 Ensorcelled Hibernation  Hex/Ice        0%         N/A       67%         2
 Gell's Gravitas          Tloc           0%         N/A       88%         3
 Passwall                 Erth           0%         N/A       88%         3
 Swiftness                Air            0%         N/A       88%         3
 Teleport Other           Tloc           0%         N/A       88%         3
 Dispersal                Tloc           0%         N/A       100%        6


Dungeon Overview and Level Annotations

Branches:
Dungeon (6/15)             Temple (1/1) D:5           Sewer (visited)

Altars:
Cheibriados
Elyvilon
Fedhas
Gozag
Hepliaklqana
Kikubaaqudgha
Makhleb
Okawaru
Ru
Trog
Uskayaw
Vehumet
Wu Jian
Xom
Yredelemnul
Zin
The Shining One


Innate Abilities, Weirdness & Mutations

You can wield a second weapon in your off-hand.
It takes a long time for you to wield or remove held weapons.
Your first few attacks do less damage.
You cannot equip rings or amulets.


Message History

You hit the wight with the +7 dagger of the Ecumenical Temple.
You burn the wight.
The wight is moderately damaged.
You hit the wight with your +0 war axe.
You slash the wight with your +0 war axe!
The wight is heavily damaged.
You hit the wight with your +0 war axe.
You barely miss the wight with the +7 dagger of the Ecumenical Temple.
The wight hits you with a +3 long sword!
You feel drained. The wight closely misses you.
You take 16 damage, and have 18/59 hp.
MASSIVE DAMAGE!!
You closely miss the wight with your +0 war axe.
The wight is heavily damaged.
You hit the wight but do no damage.
You barely miss the wight with the +7 dagger of the Ecumenical Temple.
You closely miss the wight with the +7 dagger of the Ecumenical Temple.
The wight is heavily damaged.
You completely miss the wight with your +0 war axe.
You hit the wight but do no damage.
The wight hits you with a +3 long sword!
* * * LOW HITPOINT WARNING * * *
The wight closely misses you.
You take 7 damage, and have 12/59 hp.
You puncture the wight with the +7 dagger of the Ecumenical Temple!
You burn the wight.
You destroy the wight!
Makhleb accepts your kill.
You hit the wight but do no damage.
The wight hits you with a +3 long sword.
* * * LOW HITPOINT WARNING * * *
You feel drained.
* * * LOW HITPOINT WARNING * * *
You take 6 damage, and have 6/59 hp.
You hit the wight with the +7 dagger of the Ecumenical Temple.
You burn the wight.
You destroy the wight!
Makhleb accepts your kill.
You closely miss the iguana with your +0 war axe.
The iguana bites you!
You die...

.$.$.#...........#
.$_.$+............
.....#.#.....####.
..$$.#.##...##
######.#....#
.......#....#
##.###.....## ..
#.##...## #..
##..@# #..#
##.)l..# ....
#.....# ...
#.......
...###.... ...##
.... ..## ... ..#
..


You could see an iguana.

Vanquished Creatures
  Grinder (D:4)
  Prince Ribbit (D:5)
  An ice beast (D:5)
  A sky beast (D:5)
  An ogre (D:5)
  3 bullfrogs
  3 scorpions
  4 wights (D:6)
  A bombardier beetle (D:4)
  A hound (D:5)
  2 orc priests (D:4)
  Jessica (D:2)
  Ijyb (D:4)
  A sleepcap (D:5)
  An orc wizard (D:4)
  3 gnolls (D:5)
  15 adders
  A shadow imp (D:6)
  A white imp (D:6)
  2 ufetubi (D:5)
  13 dart slugs
  2 ribbon worms (D:3)
  17 orcs (D:4)
  12 ball pythons
  3 bats
  6 endoplasms
  14 giant cockroaches
  4 goblins
  7 hobgoblins
  4 kobolds
  A quokka (D:2)
  11 frilled lizards
  5 rats
144 creatures vanquished.

Notes
Turn   | Place    | Note
-------+----------+-------------------------------------------
     0 | D:1      | Dirtsage the Coglin Gladiator began the quest for the Orb.
     0 | D:1      | Reached XP level 1. HP: 16/16 MP: 1/1
    99 | D:1      | Reached XP level 2. HP: 22/22 MP: 2/2
   599 | D:2      | Reached skill level 4 in Axes
   610 | D:2      | Reached XP level 3. HP: 26/27 MP: 3/3
   952 | D:2      | Noticed Jessica
   957 | D:2      | Killed Jessica
   958 | D:2      | Reached skill level 5 in Axes
   958 | D:2      | Reached XP level 4. HP: 32/33 MP: 4/4
  1236 | D:3      | Found a glowing drain.
  1241 | Sewer    | Entered a sewer
  1248 | Sewer    | Reached XP level 5. HP: 38/38 MP: 5/5
  1368 | Sewer    | Reached skill level 6 in Axes
  1409 | Sewer    | Reached XP level 6. HP: 39/44 MP: 6/6
  1423 | Sewer    | Reached skill level 7 in Axes
  1771 | D:3      | Identified the +7 dagger of the Ecumenical Temple {flame,
                  | rC+ Int+4}
  2250 | D:3      | Found a glowing silver altar of Zin.
  2250 | D:3      | Found an iron altar of Okawaru.
  2251 | D:3      | Found an opulent altar of Gozag.
  2611 | D:4      | Reached XP level 7. HP: 27/50 MP: 7/7
  2881 | D:4      | Noticed Grinder
  2882 | D:4      | Noticed Ijyb
  2883 | D:4      | Reached skill level 8 in Axes
  2906 | D:4      | Killed Ijyb
  2914 | D:4      | Killed Grinder
  3019 | D:4      | You fall into a shaft and drop 2 floors!
  3025 | D:5      | Entered Level 5 of the Dungeon
  3030 | D:5      | Reached skill level 9 in Axes
  3085 | D:4      | Reached XP level 8. HP: 56/56 MP: 8/8
  3584 | D:5      | Noticed Prince Ribbit
  3600 | D:5      | Killed Prince Ribbit
  3601 | D:5      | Reached skill level 10 in Axes
  3837 | D:5      | Found a staircase to the Ecumenical Temple.
  3912 | Temple   | Entered the Ecumenical Temple
  3937 | Temple   | Became a worshipper of Makhleb the Destroyer
  4042 | D:5      | Reached skill level 11 in Axes
  4351 | D:6      | Found a white marble altar of Elyvilon.
  4378 | D:6      | Reached XP level 9. HP: 34/61 MP: 9/9
  4383 | D:6      | Slain by an iguana

Illustrated notes

Levels and vault maps discovered:
D:1:      shiori_arrival_oz, layout_rooms
D:2:      layout_loops_ring, st_stairs_10, kennysheep_jessica_study,
          uniq_jessica
D:3:      layout_basic, gammafunk_temple_overflow_claw,
          mainiacjoe_sewer_entry_somewhere_in_here_2, nicolae_hexahallways
D:4:      layout_basic, st_stairs_13, uniq_ijyb, uniq_grinder
D:5:      layout_rooms, minmay_temple_entry_drinking_statues,
          uniq_prince_ribbit1
D:6:      layout_layer_cave, amcnicky_altar_gilded, minmay_ogre_servants
Temple:   oiseaux_autumnal_temple

Skill      XL: |  1  2  3  4  5  6  7  8 |
---------------+-------------------------+-----
Axes           | 4 5 6 7 9 11 | 11.6
Fighting       | |  2.0
Throwing       | |  1.7
Dodging        | |  2.6

Action                     |  1- 3 |  4- 6 |  7- 9 || total
---------------------------+-------+-------+-------++-------
  Melee: War axe           |    60 |   104 |   109 ||   273
         Dagger            |    21 |   104 |   121 ||   246
  Throw: Throwing net      |       |       |     1 ||     1
    Use: Potion            |       |       |     3 ||     3
 Armour: Leather armour    |    24 |       |       ||    24
         Ring mail         |    27 |    87 |    95 ||   209
  Dodge: Dodged            |    32 |    70 |    54 ||   156

Table legend: (Time is in decaauts)
 A = Elapsed time spent in this place.
 B = Non-inter-level travel time spent in this place.
 C = Inter-level travel time spent in this place.
 D = Time resting spent in this place.
 E = Time spent auto-exploring this place.
 F = Levels seen in this place.
 G = Mean time per level.
                   A        B        C        D        E       F      G
               +--------+--------+--------+--------+--------+-----+--------+
         Total |   4510 |   4275 |    235 |      0 |   3446 |   8 |  563.8 |
       Dungeon |   3911 |   3724 |    187 |      0 |   3114 |   6 |  651.8 |
        Temple |     50 |      2 |     48 |      0 |      0 |   1 |   50.0 |
         Sewer |    548 |    548 |      0 |      0 |    332 |   1 |  548.0 |
               +--------+--------+--------+--------+--------+-----+--------+

Top non-repeatable levels by time:
     D:4: 919 daAuts
     D:3: 908 daAuts
     D:5: 821 daAuts
     D:2: 594 daAuts
     D:1: 587 daAuts
   Sewer: 548 daAuts
     D:6: 79 daAuts
  Temple: 50 daAuts
